| TOP OF THE 1ST |
|
Naperville Lazy Fisherman batting - Pitching for Idaho Falls Chukars : RHP Jim Pittsley
|
|
Pitching: RHP Jim Pittsley
|
|
|
Batting: SHB Denny Hocking
|
0-0: Ball 1-0: Swinging Strike 1-1: Ground out U3 (Groundball, 3S, EV 76.9 MPH)
|
|
Batting: SHB Walt Weiss
|
0-0: Ball 1-0: Called Strike 1-1: Ball 2-1: Ball 3-1: Foul Ball, location: 2F 3-2: Base on Balls
|
|
Batting: RHB Pedro Munoz
|
0-0: Called Strike 0-1: Ball 1-1: Ball 2-1: Called Strike 2-2: Foul Ball, location: 2F 2-2: Fielders Choice at 2nd, 1-6 (Groundball, 13, EV 81.3 MPH)
|
|
Batting: LHB Matt Luke
|
0-0: Called Strike 0-1: Fly out, F7 (Flyball, 7S, EV 91.3 MPH)
|
| Top of the 1st over - 0 runs, 0 hits, 0 errors, 1 left on base; Naperville 0 - Idaho Falls 0 |
| BOTTOM OF THE 1ST |
|
Idaho Falls Chukars batting - Pitching for Naperville Lazy Fisherman : LHP Dennys Reyes
|
|
Pitching: LHP Dennys Reyes
|
|
|
Batting: RHB Dax Jones
|
0-0: Ball 1-0: Foul Ball, location: 2F 1-1: TRIPLE (Flyball, 78XD, EV 95.6 MPH)
|
|
Batting: LHB Dwight Smith
|
0-0: Ball 1-0: Ball 2-0: Called Strike 2-1: Fly out, F8 (Flyball, 78D, EV 105.6 MPH) Runner from 3rd tags up, SCORES, throw by CF
|
|
Batting: LHB Rico Brogna
|
0-0: Ball 1-0: Ball 2-0: Called Strike 2-1: Fly out, F8 (Line Drive, 8LM, EV 85.6 MPH)
|
|
Batting: RHB Mark Lewis
|
0-0: Ball 1-0: Ball 2-0: Fly out, F9 (Flyball, 9S, EV 78.1 MPH)
|
| Bottom of the 1st over - 1 run, 1 hit, 0 errors, 0 left on base; Naperville 0 - Idaho Falls 1 |
| TOP OF THE 2ND |
|
Naperville Lazy Fisherman batting - Pitching for Idaho Falls Chukars : RHP Jim Pittsley
|
|
Batting: RHB David Bell
|
0-0: Called Strike 0-1: Called Strike 0-2: Ground out 5-3 (Groundball, 56, EV 86.3 MPH)
|
|
Batting: RHB Craig Worthington
|
0-0: Fly out, F9 (Flyball, 9LSF, EV 80.6 MPH)
|
|
Batting: RHB Gary Bennett
|
0-0: Ball 1-0: Ball 2-0: Foul Ball, location: 2F 2-1: Ball 3-1: Ground out 1-3 (Groundball, P, EV 71.3 MPH)
|
| Top of the 2nd over - 0 runs, 0 hits, 0 errors, 0 left on base; Naperville 0 - Idaho Falls 1 |
| BOTTOM OF THE 2ND |
|
Idaho Falls Chukars batting - Pitching for Naperville Lazy Fisherman : LHP Dennys Reyes
|
|
Pitching: RHP Pete Young
|
|
|
Batting: RHB Les Norman
|
0-0: Ball 1-0: Ground out 4-3 (Groundball, 4, EV 95.6 MPH)
|
|
Batting: RHB Dave Hajek
|
0-0: Ball 1-0: Called Strike 1-1: Ball 2-1: Foul Ball, location: 2F 2-2: Strikes out swinging
|
|
Batting: LHB Darren Daulton
|
0-0: Called Strike 0-1: Ground out 6-3 (Groundball, 6, EV 107.5 MPH)
|
| Bottom of the 2nd over - 0 runs, 0 hits, 0 errors, 0 left on base; Naperville 0 - Idaho Falls 1 |
| TOP OF THE 3RD |
|
Naperville Lazy Fisherman batting - Pitching for Idaho Falls Chukars : RHP Jim Pittsley
|
|
Batting: RHB Kent Anderson
|
0-0: Called Strike 0-1: Ball 1-1: Called Strike 1-2: Foul Ball, location: 2F 1-2: SINGLE (Line Drive, 3D, EV 99.4 MPH)
|
|
Batting: LHB Dan Peltier
|
0-0: Ball 1-0: Called Strike 1-1: Ball 2-1: SINGLE (Groundball, 6, EV 83.1 MPH) (infield hit) Kent Anderson to second
|
|
Batting: SHB Denny Hocking
|
0-0: Grounds out, U3 (Groundball, 3L, EV 83.1 MPH) Kent Anderson to third
|
|
Batting: SHB Walt Weiss
|
0-0: Fly out, F5 (Popup, 5S, EV 74.4 MPH)
|
|
Batting: RHB Pedro Munoz
|
0-0: Ground out 1-3 (Groundball, 13S, EV 65.6 MPH)
|
| Top of the 3rd over - 0 runs, 2 hits, 0 errors, 2 left on base; Naperville 0 - Idaho Falls 1 |
| BOTTOM OF THE 3RD |
|
Idaho Falls Chukars batting - Pitching for Naperville Lazy Fisherman : RHP Pete Young
|
|
Batting: LHB Dave Martinez
|
0-0: Fly out, F9 (Flyball, 9, EV 86.3 MPH)
|
|
Batting: RHB Takahiro Suzuki
|
0-0: Ground out 6-3 (Groundball, 6, EV 103.8 MPH)
|
|
Batting: RHB Dax Jones
|
0-0: Ball 1-0: Called Strike 1-1: Ground out 5-3 (Groundball, 5, EV 89.4 MPH)
|
| Bottom of the 3rd over - 0 runs, 0 hits, 0 errors, 0 left on base; Naperville 0 - Idaho Falls 1 |
| TOP OF THE 4TH |
|
Naperville Lazy Fisherman batting - Pitching for Idaho Falls Chukars : RHP Jim Pittsley
|
|
Batting: LHB Matt Luke
|
0-0: Ball 1-0: Ball 2-0: Called Strike 2-1: Ball 3-1: Foul Ball, location: 2F 3-2: TRIPLE (Flyball, 89XD, EV 106.3 MPH)
|
|
Batting: RHB David Bell
|
0-0: Foul Ball, location: 2F 0-1: Ball 1-1: Fly out, F7 (Flyball, 7LMF, EV 90.6 MPH) Runner from 3rd tags up, SCORES, throw by LF
|
|
Batting: RHB Craig Worthington
|
0-0: Fly out, F9 (Flyball, 9D, EV 90.6 MPH)
|
|
Batting: RHB Gary Bennett
|
0-0: Ball 1-0: Foul Ball, location: 2F 1-1: Foul Ball, location: 2F 1-2: Ball 2-2: Foul Ball, location: 2F 2-2: Ball 3-2: Foul Ball, location: 2F 3-2: Fly out, F8 (Flyball, 8LS, EV 80.0 MPH)
|
| Top of the 4th over - 1 run, 1 hit, 0 errors, 0 left on base; Naperville 1 - Idaho Falls 1 |
| BOTTOM OF THE 4TH |
|
Idaho Falls Chukars batting - Pitching for Naperville Lazy Fisherman : RHP Pete Young
|
|
Batting: LHB Dwight Smith
|
0-0: Called Strike 0-1: Ball 1-1: Called Strike 1-2: Ball 2-2: Ball 3-2: SINGLE (Line Drive, 9S, EV 102.5 MPH)
|
|
Batting: LHB Rico Brogna
|
0-0: Ball 1-0: Called Strike 1-1: Ball 2-1: Foul Ball, location: 2F 2-2: Strikes out swinging
|
|
Batting: RHB Mark Lewis
|
0-0: Called Strike 0-1: Ball 1-1: Foul Ball, location: 2F 1-2: Strikes out swinging
|
|
Batting: RHB Les Norman
|
0-0: Called Strike 0-1: Fly out, F8 (Flyball, 8LM, EV 85.6 MPH)
|
| Bottom of the 4th over - 0 runs, 1 hit, 0 errors, 1 left on base; Naperville 1 - Idaho Falls 1 |
| TOP OF THE 5TH |
|
Naperville Lazy Fisherman batting - Pitching for Idaho Falls Chukars : RHP Jim Pittsley
|
|
Batting: RHB Kent Anderson
|
0-0: Ground out 5-3 (Groundball, 56S, EV 83.1 MPH)
|
|
Batting: LHB Dan Peltier
|
0-0: Ball 1-0: Swinging Strike 1-1: Ball 2-1: Ball 3-1: Base on Balls
|
|
Batting: SHB Denny Hocking
|
0-0: Called Strike 0-1: Ball 1-1: Fly out, F9 (Flyball, 89M, EV 92.5 MPH)
|
|
Batting: SHB Walt Weiss
|
0-0: Called Strike 0-1: Ball 1-1: Foul Ball, location: 2F 1-2: Foul Ball, location: 2F 1-2: Strikes out swinging
|
| Top of the 5th over - 0 runs, 0 hits, 0 errors, 1 left on base; Naperville 1 - Idaho Falls 1 |
| BOTTOM OF THE 5TH |
|
Idaho Falls Chukars batting - Pitching for Naperville Lazy Fisherman : RHP Pete Young
|
|
Batting: RHB Dave Hajek
|
0-0: Fly out, F4 (Flyball, 4MD, EV 82.5 MPH)
|
|
Batting: LHB Darren Daulton
|
0-0: Swinging Strike 0-1: Ball 1-1: Fly out, F8 (Flyball, 8LD, EV 106.9 MPH)
|
|
Batting: LHB Dave Martinez
|
0-0: Called Strike 0-1: Swinging Strike 0-2: Strikes out swinging
|
| Bottom of the 5th over - 0 runs, 0 hits, 0 errors, 0 left on base; Naperville 1 - Idaho Falls 1 |
| TOP OF THE 6TH |
|
Naperville Lazy Fisherman batting - Pitching for Idaho Falls Chukars : RHP Jim Pittsley
|
|
Batting: RHB Pedro Munoz
|
0-0: Ground out 5-3 (Groundball, 56S, EV 70.6 MPH)
|
|
Batting: LHB Matt Luke
|
0-0: Fly out, F9 (Flyball, 9, EV 78.8 MPH)
|
|
Batting: RHB David Bell
|
0-0: Fly out, F4 (Popup, 3S, EV 76.9 MPH)
|
| Top of the 6th over - 0 runs, 0 hits, 0 errors, 0 left on base; Naperville 1 - Idaho Falls 1 |
| BOTTOM OF THE 6TH |
|
Idaho Falls Chukars batting - Pitching for Naperville Lazy Fisherman : RHP Pete Young
|
|
Batting: RHB Takahiro Suzuki
|
0-0: Swinging Strike 0-1: Ball 1-1: Ball 2-1: DOUBLE (Flyball, 8RXD, EV 100.0 MPH)
|
|
Pitching: RHP Jerry DiPoto
|
|
|
Batting: RHB Dax Jones
|
0-0: Called Strike 0-1: Ball 1-1: Foul Ball, location: 2F 1-2: Foul Ball, location: 2F 1-2: Ball 2-2: Ball 3-2: Foul Ball, location: 2F 3-2: Base on Balls
|
|
Batting: LHB Dwight Smith
|
0-0: Ball 1-0: Fly out, F7 (Flyball, 7LM, EV 85.0 MPH)
|
|
Batting: LHB Rico Brogna
|
0-0: Ball 1-0: Ball 2-0: Ball 3-0: Called Strike 3-1: Base on Balls Takahiro Suzuki to third Dax Jones to second
|
|
Batting: RHB Mark Lewis
|
0-0: Ball 1-0: Ball 2-0: SINGLE (Groundball, 6, EV 83.8 MPH) (infield hit) Takahiro Suzuki scores Dax Jones to third Rico Brogna to second
|
|
Batting: RHB Les Norman
|
0-0: Ball 1-0: Ball 2-0: Ball 3-0: Base on Balls Dax Jones scores Rico Brogna to third Mark Lewis to second
|
|
Pitching: RHP Carlos C. Maldonado
|
|
|
Batting: RHB Dave Hajek
|
0-0: Ball 1-0: Ball 2-0: Grounds into fielders choice 4-2 (Groundball, 4M, EV 95.6 MPH) Mark Lewis to third Les Norman to second
|
|
Batting: LHB Darren Daulton
|
0-0: Fielders Choice at 2nd, 5-4 (Groundball, 5, EV 109.4 MPH)
|
| Bottom of the 6th over - 2 runs, 2 hits, 0 errors, 3 left on base; Naperville 1 - Idaho Falls 3 |
| TOP OF THE 7TH |
|
Naperville Lazy Fisherman batting - Pitching for Idaho Falls Chukars : RHP Jim Pittsley
|
|
Batting: RHB Craig Worthington
|
0-0: Called Strike 0-1: Ball 1-1: Ball 2-1: Called Strike 2-2: Strikes out swinging
|
|
Pitching: RHP John Johnstone
|
|
|
Batting: RHB Gary Bennett
|
0-0: Foul Ball, location: 2F 0-1: Foul Ball, location: 2F 0-2: Ball 1-2: Ball 2-2: Ball 3-2: SINGLE (Groundball, 34D, EV 97.5 MPH)
|
|
Pitching: RHP Steve Falteisek
|
|
|
Batting: RHB Kent Anderson
|
0-0: Called Strike 0-1: Foul Ball, location: 2F 0-2: Ball 1-2: Strikes out swinging
|
|
Batting: LHB Dan Peltier
|
0-0: SINGLE (Groundball, 4MD, EV 110.0 MPH) (infield hit) Gary Bennett to second
|
|
Batting: SHB Denny Hocking
|
0-0: Ball 1-0: Called Strike 1-1: Ball 2-1: Foul Ball, location: 2F 2-2: Fly out, F8 (Line Drive, 8RD, EV 95.6 MPH)
|
| Top of the 7th over - 0 runs, 2 hits, 0 errors, 2 left on base; Naperville 1 - Idaho Falls 3 |
| BOTTOM OF THE 7TH |
|
Idaho Falls Chukars batting - Pitching for Naperville Lazy Fisherman : RHP Carlos C. Maldonado
|
|
Batting: LHB Dave Martinez
|
0-0: Ground out 4-3 (Groundball, 4, EV 80.6 MPH)
|
|
Batting: RHB Takahiro Suzuki
|
0-0: Called Strike 0-1: Fly out, F8 (Line Drive, 8LM, EV 93.1 MPH)
|
|
Batting: RHB Dax Jones
|
0-0: Called Strike 0-1: Ball 1-1: Called Strike 1-2: DOUBLE (Line Drive, 9LM, EV 102.5 MPH)
|
|
Batting: LHB Dwight Smith
|
0-0: Ball 1-0: Ball 2-0: Ball 3-0: Called Strike 3-1: Base on Balls
|
|
Batting: LHB Rico Brogna
|
0-0: Called Strike 0-1: Fly out, F8 (Flyball, 8LM, EV 84.4 MPH)
|
| Bottom of the 7th over - 0 runs, 1 hit, 0 errors, 2 left on base; Naperville 1 - Idaho Falls 3 |
| TOP OF THE 8TH |
|
Naperville Lazy Fisherman batting - Pitching for Idaho Falls Chukars : RHP Steve Falteisek
|
|
Batting: SHB Walt Weiss
|
0-0: Called Strike 0-1: Called Strike 0-2: Ball 1-2: Foul Ball, location: 2F 1-2: Strikes out swinging
|
|
Batting: RHB Pedro Munoz
|
0-0: Foul Ball, location: 2F 0-1: Foul Ball, location: 2F 0-2: Ball 1-2: Foul Ball, location: 2F 1-2: Ball 2-2: Foul Ball, location: 2F 2-2: DOUBLE (Line Drive, 89D, EV 106.9 MPH)
|
|
Pitching: RHP Phil Stidham
|
|
|
Batting: LHB Matt Luke
|
0-0: Fly out, F9 (Flyball, 9S, EV 93.1 MPH)
|
|
Batting: RHB David Bell
|
0-0: 2-RUN HOME RUN (Line Drive, 78XD, EV 99.4 MPH), Distance : 431 ft
|
|
Batting: RHB Craig Worthington
|
0-0: Ball 1-0: Foul Ball, location: 2F 1-1: Ball 2-1: Swinging Strike 2-2: Fly out, F8 (Flyball, 89D, EV 100.0 MPH)
|
| Top of the 8th over - 2 runs, 2 hits, 0 errors, 0 left on base; Naperville 3 - Idaho Falls 3 |
| BOTTOM OF THE 8TH |
|
Idaho Falls Chukars batting - Pitching for Naperville Lazy Fisherman : RHP Carlos C. Maldonado
|
|
Batting: RHB Mark Lewis
|
0-0: Fly out, F9 (Flyball, 9LS, EV 96.3 MPH)
|
|
Batting: RHB Les Norman
|
0-0: Foul Ball, location: 2F 0-1: Fly out, F9 (Flyball, 9, EV 85.6 MPH)
|
|
Batting: RHB Dave Hajek
|
0-0: Ball 1-0: Ground out 4-3 (Groundball, 4, EV 103.8 MPH)
|
| Bottom of the 8th over - 0 runs, 0 hits, 0 errors, 0 left on base; Naperville 3 - Idaho Falls 3 |
| TOP OF THE 9TH |
|
Naperville Lazy Fisherman batting - Pitching for Idaho Falls Chukars : RHP Phil Stidham
|
|
Pitching: RHP Ralph Citarella
|
|
|
Batting: RHB Gary Bennett
|
0-0: Called Strike 0-1: Foul Ball, location: 2F 0-2: Ball 1-2: Ball 2-2: Ground out 6-3 (Groundball, 56, EV 107.5 MPH)
|
|
Batting: RHB Kent Anderson
|
0-0: Fly out, F7 (Flyball, 7LMF, EV 87.5 MPH)
|
|
Batting: LHB Dan Peltier
|
0-0: Foul Ball, location: 2F 0-1: Ball 1-1: Ball 2-1: Ball 3-1: Ground out 5-3 (Groundball, 56S, EV 62.5 MPH)
|
| Top of the 9th over - 0 runs, 0 hits, 0 errors, 0 left on base; Naperville 3 - Idaho Falls 3 |
|
Friday, March 6th, 2026 - OOTP Baseball 20.8 Build 74
|
|